 Dungeon Crawl Stone Soup version 0.28.0-43-g3370ac3207 (webtiles) character file.

Game seed: 5796282031140166904

10 smarlow the Sneak (level 2, -1/13 HPs)
             Began as a Vine Stalker Enchanter on Mar 18, 2022.
             Slain by an iguana (6 damage)
             ... on level 4 of the Dungeon.
             The game lasted 00:00:43 (776 turns).

smarlow the Sneak (Vine Stalker Enchanter)           Turns: 776, Time: 00:00:44

Health: -1/13      AC:  3    Str: 10    XL:     2   Next: 20%
Magic:  0/6        EV: 12    Int: 15    God:
Gold:   10         SH:  0    Dex: 14    Spells: 5/5 levels left

rFire   . . .      SeeInvis .   a - +1 dagger
rCold   . . .      Faith    .   (no shield)
rNeg    . . .      Spirit   +   b - +0 robe
rPois   .          Reflect  .   (no helmet)
rElec   .          Harm     .   (no cloak)
rCorr   .          Rampage  .   e - +0 pair of gloves
Will    .....                   (no boots)
Stlth   ++........              (no amulet)
HPRegen 0.04/turn               (no ring)
MPRegen 0.10/turn               (no ring)

@: no status effects
A: fangs 2, magic shield, antimagic bite, no potion heal 2
a: no special abilities


You were on level 4 of the Dungeon.
You visited 1 branch of the dungeon, and saw 4 of its levels.

You collected 10 gold pieces.

Inventory:

Hand Weapons
 a - a +1 dagger (weapon)
Armour
 b - a +0 robe (worn)
 e - a +0 pair of gloves (worn)
Scrolls
 d - a scroll of enchant armour {unknown}
 f - a scroll of fog {unknown}
 g - a scroll of brand weapon {unknown}
Potions
 c - a potion of invisibility
 h - 2 potions of ambrosia {unknown}


   Skills:
 + Level 1.1 Short Blades
 + Level 1.7 Dodging
 + Level 3.8 Stealth
 + Level 2.3 Spellcasting
 + Level 3.1 Hexes


You had 5 spell levels left.
You didn't know any spells.
Your spell library contained the following spells:

 Spells                   Type           Power      Damage    Failure   Level
 Ensorcelled Hibernation  Hex/Ice        12%        N/A       17%         2
 Confusing Touch          Hex            11%        N/A       19%         3
 Tukima's Dance           Hex            11%        N/A       19%         3
 Dazzling Flash           Conj/Hex       12%        N/A       34%         3


Dungeon Overview and Level Annotations

Branches:
Dungeon (4/15)
 Temple: D:4-7

Altars:


Innate Abilities, Weirdness & Mutations

You have extremely sharp teeth.
When hurt, damage is shared between your health and your magic reserves.
Your bite disrupts and absorbs the magic of your enemies.
Potions cannot restore your health.


Message History

You see here a rat corpse.
There is an escape hatch in the floor here.
You slide downwards.
The hatch slams shut behind you.
Found a pair of gloves and 18 gold pieces.
Found a stone staircase leading up.
Found a stone staircase leading down.
You see here a +0 pair of gloves.
You start putting on your armour.
You continue putting on your +0 pair of gloves. x4
You finish putting on your +0 pair of gloves.
There is a stone staircase leading down here.
You climb downwards.
Found a scroll labelled QEPETSO IMPE and a hand axe.
There is a stone staircase leading up here.
Found a stone staircase leading down.
f - a scroll labelled QEPETSO IMPE You now have 10 gold pieces (gained 6).
g - a scroll labelled KAYJYI TOPRU You open the door.
Found a trident.
There is an open door here.
h - 2 brown potions An iguana comes into view.
You see here a potion of invisibility.
An iguana is nearby!
A black bear comes into view.
The iguana closely misses you.
You hit the iguana but do no damage. The iguana barely misses you.
You completely miss the iguana. The iguana barely misses you.
You hit the iguana.
The iguana is lightly wounded.
The iguana bites you.
You hit the iguana but do no damage.
The iguana is lightly wounded.
The iguana bites you! The iguana barely misses you.
You hit the iguana. Your bite misses the iguana.
The iguana is moderately wounded.
The iguana bites you!
You die...

##### ############
.h....#@.........# #
#....l.....!....# #
...##............# #
#...............#######
........................
.................####...
#####################...
.......... #######...


You could see an iguana.

Vanquished Creatures
  2 ball pythons (D:2)
  2 endoplasms (D:2)
  A giant cockroach (D:2)
  A goblin (D:2)
  A hobgoblin (D:2)
  A rat (D:2)
8 creatures vanquished.

Vanquished Creatures (others)
  A plant (D:2)
1 creature vanquished.

Grand Total: 9 creatures vanquished

Notes
Turn   | Place    | Note
-------+----------+-------------------------------------------
     0 | D:1      | smarlow the Vine Stalker Enchanter began the quest for the
                  | Orb.
     0 | D:1      | Reached XP level 1. HP: 9/9 MP: 4/4
    20 | D:2      | Reached skill level 1 in Short Blades
   240 | D:2      | Reached XP level 2. HP: 1/13 MP: 1/6
   769 | D:4      | Noticed a black bear
   776 | D:4      | Slain by an iguana

Illustrated notes

Levels and vault maps discovered:
D:1:      dpeg_arrival_connections, layout_rooms, ebering_ecumenical_altar_ruins
D:2:      layout_basic, serial_shops, shop, wad_woods_river_04, corexii_shack,
          grunt_ministairs_2
D:3:      layout_rooms, mainiacjoe_overflow_big_doors, serial_shops, shop,
          skrybe_limestone_x
D:4:      layout_basic, kennysheep_generic_room_8

Skill      XL: |  1 |
---------------+----+-----
Short Blades   | 1 |  1.1
Dodging        | |  1.7
Stealth        | |  3.8
Spellcasting   | |  2.3
Hexes          | |  3.1

Action                   || total
-------------------------++-------
Melee: Dagger            ||    39
       Bite              ||     9
Armor: Robe              ||     5
Dodge: Dodged            ||    20
